Map: King Sejong Station LE

Players

Gracz - Winner!

  • Race: Protoss Protoss
  • League: Silver

Larry

  • Race: Zerg Zerg
  • League: Silver

VOD

Have the link to the VOD?

Description

Time

  • Played on: Oct. 14, 2016, 11:31 a.m.
  • Length: 13:32
Show
View Real Time Build Order
Export as new Build Order

Gracz Protoss - Winner!

Build Orders:  

Get SALT Encoding   

  12  0:01  Probe (Chrono Boost)  
  13  0:15  Pylon  
  13  0:25  Assimilator  
  13  0:26  Probe (Chrono Boost)  
  14  0:37  Probe (Chrono Boost)  
  14  0:39  Pylon  
  15  0:49  Probe (Chrono Boost)  
  16  1:01  Gateway  
  16  1:05  Gateway  
  16  1:11  Probe (Chrono Boost)  
  17  1:25  Gateway  
  17  1:37  Gateway  
  17  1:38  Probe (Chrono Boost)  
  18  1:49  Probe (Chrono Boost)  
  18  1:53  Assimilator  
  19  1:59  Probe (Chrono Boost)  
  20  2:07  Cybernetics Core  
  20  2:10  Probe (Chrono Boost)  
  21  2:20  Probe (Chrono Boost)  
  22  2:33  Warp Gate  
  22  2:40  Probe (Chrono Boost)  
  22  2:41  Nexus  
  23  3:01  Adept x2  
  23  3:03  Adept  
  29  3:06  Adept  
  31  3:19  Pylon  
  31  3:39  Probe (Chrono Boost)  
  32  3:50  Twilight Council  
  32  3:51  Probe (Chrono Boost)  
  33  3:56  Robotics Facility  
  34  4:03  Probe (Chrono Boost)  
  32  4:15  Probe (Chrono Boost)  
  29  5:10  Stalker x3  
  37  5:14  Probe (Chrono Boost)  
  37  5:15  Probe (Chrono Boost)  
  37  5:20  Robotics Facility x2, Immortal  
  41  5:24  Probe (Chrono Boost)  
  41  5:27  Probe (Chrono Boost)  
  43  5:35  Probe (Chrono Boost)  
  42  5:39  Probe (Chrono Boost)  
  42  5:40  Blink  
  43  5:45  Probe (Chrono Boost)  
  45  5:50  Gateway  
  45  5:51  Probe (Chrono Boost)  
  45  5:56  Probe (Chrono Boost)  
  46  5:59  Pylon, Gateway  
  46  6:02  Pylon  
  46  6:03  Probe (Chrono Boost)  
  47  6:07  Mothership Core (Chrono Boost)  
  47  6:31  Stalker x4, Immortal  
  53  6:39  Immortal  
  61  6:56  Pylon  
  61  7:00  Pylon  
  61  7:01  Assimilator, Stalker  
  61  7:02  Stalker x2  
  61  7:05  Assimilator  
  45  7:54  Stalker x2  
  45  7:57  Stalker  
  45  7:58  Stalker, Immortal  
  53  8:03  Immortal  
  61  8:14  Probe (Chrono Boost)  
  61  8:16  Probe (Chrono Boost)  
  63  8:25  Stalker, Probe (Chrono Boost)  
  63  8:26  Stalker  
  69  8:28  Probe (Chrono Boost)  
  69  8:36  Mothership Core (Chrono Boost)  
  69  8:40  Probe (Chrono Boost)  
  72  8:52  Stalker  
  72  8:53  Stalker x3  
  72  8:54  Stalker  
  72  8:55  Stalker  
  84  9:17  Nexus  
  84  9:19  Pylon  
  84  9:23  Pylon  
  84  9:24  Assimilator, Pylon  
  84  9:28  Assimilator  
  84  9:30  Robotics Bay  
  84  9:33  Pylon  
  84  9:39  Stargate  
  84  9:43  Stargate  
  84  9:56  Stargate  
  84  10:03  Stalker x2  
  88  10:07  Probe (Chrono Boost)  
  88  10:09  Probe (Chrono Boost)  
  90  10:18  Probe (Chrono Boost)  
  90  10:21  Probe (Chrono Boost)  
  92  10:28  Disruptor, Probe x2 (Chrono Boost)  
  93  10:33  Probe (Chrono Boost)  
  98  10:39  Probe (Chrono Boost)  
  98  10:41  Stalker x2  
  103  10:45  Probe (Chrono Boost)  
  104  10:50  Colossus  
  104  10:53  Observer  
  111  10:57  Probe (Chrono Boost)  
  111  10:59  Probe x2 (Chrono Boost)  
  114  11:23  Immortal  
  114  11:24  Immortal  
  122  11:31  Stalker x3  
  128  11:40  Fleet Beacon  
  128  11:45  Stalker  
  128  11:46  Stalker  
  132  12:00  Pylon  
  132  12:03  Pylon  
  132  12:07  Pylon  
  132  12:25  Stalker  
  132  12:26  Stalker x3  
Show
View Real Time Build Order
Export as new Build Order

Larry Zerg 

Build Orders: Pool First 

Get SALT Encoding   

  12  0:03  Drone  
  13  0:10  Drone  
  14  0:16  Overlord  
  14  0:20  Extractor  
  13  0:23  Drone  
  14  0:36  Drone x2  
  16  0:50  Spawning Pool  
  16  0:52  Drone  
  17  0:57  Drone  
  17  1:08  Drone  
  19  1:25  Drone  
  19  1:28  Hatchery  
  19  1:31  Drone  
  19  1:41  Zergling x2  
  22  1:55  Overlord  
  22  2:01  Drone  
  21  2:04  Extractor  
  20  2:12  Drone  
  21  2:24  Zergling x2  
  22  2:32  Metabolic Boost  
  22  2:36  Drone  
  23  2:47  Zergling x2  
  24  2:51  Drone x2  
  24  2:58  Drone  
  27  3:09  Zergling x2  
  28  3:20  Zergling x2  
  29  3:33  Drone x3  
  32  3:36  Drone  
  33  3:41  Roach Warren  
  33  3:42  Zergling x2  
  33  3:44  Overlord  
  33  3:56  Drone  
  31  4:12  Zergling x2  
  31  4:13  Zergling x2  
  31  4:15  Zergling x4  
  34  4:29  Zergling x4  
  30  5:00  Zergling x6  
  30  5:02  Zergling x6  
  35  5:12  Lair  
  35  5:14  Queen  
  35  5:15  Zergling x2  
  35  5:17  Roach  
  40  5:32  Roach  
  40  5:34  Roach  
  44  5:37  Overlord  
  44  5:47  Evolution Chamber  
  44  5:48  Drone  
  44  5:49  Overlord  
  44  5:57  Roach x2  
  44  5:59  Drone  
  48  6:22  Baneling Nest  
  47  6:42  Roach x3  
  47  6:44  Roach x3  
  59  6:50  Hatchery  
  58  7:03  Spire  
  57  7:12  Nydus Network  
  44  7:56  Zergling x2  
  44  7:57  Zergling x4  
  47  7:58  Zergling x2  
  47  7:59  Zergling x4  
  47  8:03  Drone  
  51  8:06  Zerg Melee Weapons Level 1  
  51  8:14  Roach  
  51  8:15  Roach  
  55  8:31  Overlord  
  55  8:32  Overlord, Hatchery  
  54  8:38  Mutalisk  
  54  8:39  Mutalisk  
  58  8:42  Zergling x2  
  58  8:45  Roach x2  
  58  8:48  Drone  
  64  9:02  Zergling x6  
  67  9:26  Roach  
  67  9:27  Roach  
  71  9:46  Drone  
  71  9:48  Drone x2  
  71  9:52  Drone x3  
  77  9:57  Drone  
  77  9:59  Drone  
  79  10:00  Zerg Missile Weapons Level 1  
  79  10:07  Extractor  
  79  10:10  Overlord  
  78  10:20  Overlord x3  
  78  10:24  Drone  
  78  10:28  Queen  
  81  10:30  Zergling x2  
  81  10:32  Zergling x6  
  81  10:34  Zergling x2  
  86  10:38  Drone x2  
  86  10:40  Drone  
  89  10:59  Overlord  
  89  11:01  Mutalisk x2  
  93  11:09  Mutalisk x3  
  99  11:13  Zergling x6  
  99  11:17  Baneling x3  
  99  11:18  Baneling x5  
  102  11:19  Baneling x5  
  102  11:31  Zergling x4  
  104  11:39  Drone x3  
  107  11:45  Extractor  
  106  11:51  Hatchery  
  106  11:52  Zergling x6  
  108  11:55  Zergling x6  
  111  12:07  Overlord  
  111  12:14  Drone x2  
  111  12:15  Drone  
  114  12:40  Hatchery  
  64  13:01  Zergling x6  
  64  13:03  Zergling x2, Drone  
  64  13:04  Zergling x2  
  53  13:06  Zergling x6  
  56  13:13  Zergling x2  
Tags
 
Add a new tag
Caveats
  • Supply blocks, unpowered buildings, or Contaminate may cause inaccurate times.
  • Supply counts are checked every 10 seconds.